 Dungeon Crawl Stone Soup version 0.31-a0-949-g57150269e1 (webtiles) character file.

Game seed: 6047371540920546964

1567 Ekaitz the Firebug (level 8, -3/60 HPs)
             Began as a Demonspawn Fire Elementalist on Oct 22, 2023.
             Shot with an arrow by a centaur (5 damage)
             ... on level 5 of the Dungeon.
             The game lasted 00:11:56 (5295 turns).

Ekaitz the Firebug (Demonspawn Fire Elementalist)   Turns: 5295, Time: 00:11:57

Health: -3/60      AC:  5    Str: 10    XL:     8   Next: 59%
Magic:  1/13       EV: 12    Int: 18    God:
Gold:   213        SH:  0    Dex: 13    Spells: 5/14 levels left

rFire   . . .        t - +2 rapier (venom)
rCold   . . .        (no shield)
rNeg    . . .        a - +0 robe
rPois   .            f - +0 helmet
rElec   .            (no cloak)
rCorr   +            (no gloves)
SInv    .            (no boots)
Will    +....        (no amulet)
Stlth   ++           c - ring of willpower
HPRegen 0.30/turn    l - ring of resist corrosion
MPRegen 0.13/turn

%: no passive effects
@: no status effects
A: molten scales 1, ignite blood 1, powered by death 2, demonic touch 1
a: no special abilities


You were on level 5 of the Dungeon.
You visited 1 branch of the dungeon, and saw 5 of its levels.
You also visited: Ossuary.

You collected 213 gold pieces.

Inventory:

Hand Weapons
 e - a +0 long sword
 k - a +1 flail of venom
 t - a +2 rapier of venom (weapon)
Missiles
 i - 8 poisoned darts
Armour
 a - a +0 robe (worn)
 f - a +0 helmet (worn)
Jewellery
 c - a ring of willpower (left hand)
 l - a ring of resist corrosion (right hand)
Talismans
 n - a blade talisman
Wands
 d - a wand of polymorph (6)
 B - a wand of flame (16)
Scrolls
 g - 6 scrolls of identify {unknown}
 h - a scroll of revelation {unknown}
 j - 4 scrolls of fear {unknown}
 m - a scroll of noise {unknown}
 o - a scroll of enchant weapon {unknown}
 p - a scroll of enchant armour {unknown}
 q - a scroll of teleportation {unknown}
 s - 2 scrolls of amnesia {unknown}
 x - a scroll of acquirement {unknown}
 y - a scroll of immolation {unknown}
 z - a scroll of blinking {unknown}
Potions
 b - 2 potions of magic
 r - a potion of might {unknown}
 u - a potion of resistance {unknown}
 v - a potion of ambrosia {unknown}
 w - 3 potions of brilliance {unknown}
 A - 2 potions of curing {unknown}
 C - 2 potions of cancellation {unknown}


   Skills:
 * Level 3.7 Fighting
 + Level 0.2(1.6) Short Blades
 + Level 2.7 Long Blades
 + Level 1.1 Maces & Flails
 + Level 3.0 Dodging
 + Level 2.7 Stealth
 + Level 3.8 Spellcasting
 + Level 2.1 Conjurations
 * Level 4.0 Hexes
 * Level 2.9 Translocations
 * Level 5.4 Fire Magic


You had 5 spell levels left.
You knew the following spells:

 Your Spells              Type           Power      Damage    Failure   Level
a - Foxfire               Conj/Fire      64%        2x1d7     3%          1
b - Scorch                Fire           44%        2d6       2%          2
c - Volatile Blastmotes   Fire/Tloc      36%        2d13      9%          3
i - Inner Flame           Hex/Fire       20%        N/A       6%          3

Your spell library contained the following spells:

 Spells                   Type           Power      Damage    Failure   Level
 Magic Dart               Conj           40%        1d5       6%          1
 Searing Ray              Conj           20%        2d5       10%         2
 Flame Wave               Conj/Fire      16%        2d7       32%         4
 Fulminant Prism          Conj/Hex       7%         3d7       38%         4


Dungeon Overview and Level Annotations

Branches:
Dungeon (5/15)            Ossuary (visited)
 Temple: D:4-7

Altars:
Qazlal
Xom


Innate Abilities, Weirdness & Mutations

You are partially covered in molten scales. (AC +2)
Your demonic aura sometimes causes spilled blood to erupt in flames.
You regenerate health from kills.
Your touch may inflict minor irresistible damage on your foes.


Message History

A cloud of volatile blastmotes flares up around you!
The adder closely misses you. The hound bites you but does no damage.
The two-headed ogre hits you with a +0 giant spiked club!
The two-headed ogre barely misses you. The hound bites you but does no damage.
The adder barely misses you.
The adder bites the hound.
The hound attacks as it pursues you! The hound barely misses you.
The cloud of blastmotes explodes!
The concussive blast engulfs the hound!
You kill the hound!
The concussive blast engulfs the two-headed ogre.
The two-headed ogre is heavily wounded.
The concussive blast engulfs the adder!
The adder is severely wounded.
The concussive blast engulfs you.
The adder is knocked back by the blast.
You are knocked back by the blast.
Unknown command.
Casting: Volatile Blastmotes (dangerous; 9% risk of failure)
Confirm with . or Enter, or press ? or * to list all spells.
A cloud of volatile blastmotes flares up around you!
The two-headed ogre closely misses you.
The two-headed ogre hits you with a +0 giant spiked club!!
The adder bites the iguana but does no damage.
The centaur wields a +0 shortbow.
The centaur shoots an arrow.
The arrow hits you!
* * * LOW HITPOINT WARNING * * *
The adder closely misses the iguana.
The centaur shoots an arrow.
The arrow hits you!
* * * LOW HITPOINT WARNING * * *
Unknown command.
Unknown command.
The adder bites the orc but does no damage.
The centaur shoots an arrow.
The arrow barely misses you.
The cloud of blastmotes explodes!
The concussive blast engulfs the two-headed ogre!
The two-headed ogre is heavily wounded.
The concussive blast engulfs the adder!!
You kill the adder!
Unknown command.
The centaur shoots an arrow.
The arrow hits you.
You die...

...#...........+.....#......
## #...........###..####)###
...#+######....#..#..)...#
.... #....#..'......# ...
#....#..#......# ..
##+#####....####......#
#.....................#
#.....................+
#.....@...............#
#.....................#
#..O°###########......#
+.g.†+ ######## #.c..#
...####ol..# .......†W$.#
.......†...# ........?..#


You could see a two-headed ogre, a phantom, a centaur, an iguana, a gnoll and an
orc.

Vanquished Creatures
  Eustachio (D:4)
  Edmund (D:4)
  Duvessa (D:4)
  An elf zombie (D:4)
  2 scorpions (D:5)
  An elf skeleton (D:4)
  Dowan (D:4)
  A howler monkey (D:5)
  A human zombie (D:4)
  5 orc priests
  4 hounds
  A jelly (D:5)
  Jessica (D:3)
  3 iguanas
  3 orc wizards
  A human skeleton (D:4)
  3 mummies (Ossuary)
  5 adders
  7 gnolls
  3 ufetubi (D:5)
  4 adder zombies (Ossuary)
  2 worms
  4 dart slugs
  25 orcs
  5 ball pythons
  2 bats
  4 endoplasms
  A giant cockroach (D:3)
  4 goblins
  2 hobgoblins
  3 kobolds
  5 quokkas
  3 frilled lizards
  3 goblin zombies (Ossuary)
  A hobgoblin zombie (Ossuary)
  2 kobold zombies (Ossuary)
  2 orc skeletons (D:4)
  6 quokka zombies (Ossuary)
  3 rats
  2 rat zombies (Ossuary)
129 creatures vanquished.

Vanquished Creatures (others)
  An ogre (D:5)
  281 foxfires
282 creatures vanquished.

Grand Total: 411 creatures vanquished

Notes
Turn   | Place    | Note
-------+----------+-------------------------------------------
     0 | D:1      | Ekaitz the Demonspawn Fire Elementalist began the quest for
                  | the Orb.
     0 | D:1      | Reached XP level 1. HP: 13/13 MP: 3/3
   397 | D:1      | Gained mutation: You are partially covered in molten
                  | scales. (AC +2) [demonic ancestry]
   397 | D:1      | Reached XP level 2. HP: 16/19 MP: 0/5
   468 | D:1      | Reached skill level 3 in Fire Magic
   766 | D:1      | Learned a level 2 spell: Scorch
  1134 | D:2      | Reached XP level 3. HP: 25/25 MP: 4/6
  1380 | D:2      | Learned a level 3 spell: Volatile Blastmotes
  1435 | D:2      | Gained mutation: You regenerate a little health from kills.
                  | [demonic ancestry]
  1435 | D:2      | Reached XP level 4. HP: 21/31 MP: 0/7
  2081 | D:3      | Reached skill level 1 in Fighting
  2092 | D:3      | Noticed Jessica
  2262 | D:3      | Reached skill level 1 in Hexes
  2487 | D:3      | Reached XP level 5. HP: 18/37 MP: 0/8
  2517 | D:3      | Killed Jessica
  2518 | D:3      | Reached skill level 1 in Long Blades
  3242 | D:4      | Reached skill level 1 in Translocations
  3246 | D:4      | Learned a level 3 spell: Inner Flame
  3253 | D:4      | Gained mutation: You regenerate health from kills. [demonic
                  | ancestry]
  3253 | D:4      | Reached XP level 6. HP: 44/44 MP: 3/10
  3312 | D:4      | Noticed Eustachio
  3321 | D:4      | Killed Eustachio
  3322 | D:4      | Reached skill level 4 in Fire Magic
  3325 | D:4      | HP: 1/44 [orc priest/divine providence (11)]
  3355 | D:4      | Gained mutation: Your demonic aura sometimes causes spilled
                  | blood to erupt in flames. [demonic ancestry]
  3355 | D:4      | Reached XP level 7. HP: 21/50 MP: 1/11
  3394 | D:4      | Noticed Edmund
  3420 | D:4      | Noticed Dowan
  3442 | D:4      | Noticed Duvessa
  3445 | D:4      | Killed Duvessa
  3446 | D:4      | Reached skill level 1 in Maces & Flails
  3452 | D:4      | Killed Dowan
  3469 | D:4      | Found a stormy altar of Qazlal.
  3582 | D:4      | Found a sand-covered staircase.
  3727 | Ossuary  | Entered an ossuary
  4382 | D:4      | Killed Edmund
  4383 | D:4      | Reached skill level 5 in Fire Magic
  4383 | D:4      | Gained mutation: Your touch may inflict minor irresistible
                  | damage on your foes. [demonic ancestry]
  4383 | D:4      | Reached XP level 8. HP: 32/58 MP: 3/13
  4857 | D:5      | Entered Level 5 of the Dungeon
  5280 | D:5      | Noticed a two-headed ogre
  5284 | D:5      | Found a shimmering altar of Xom.
  5293 | D:5      | HP: 2/60 [centaur/arrow (11)]
  5295 | D:5      | Shot with an arrow by a centaur

Illustrated notes

Levels and vault maps discovered:
D:1:      matt_arrival_los_fun, layout_basic, minmay_misc_feat_tower,
          nicolae_figureground_pulse
D:2:      layout_basic, kennysheep_potato
D:3:      layout_basic, uniq_jessica
D:4:      layout_loops_ring, grunt_qazlal_sundering,
          nicolae_ossuary_entry_catacombs, uniq_edmund, uniq_duvessa,
          uniq_eustachio
D:5:      layout_gridville, xom_confusion_cloud, st_stairs_3,
          nrook_mini_backslash, uniq_ijyb, uniq_sigmund

Skill      XL: |  1  2  3  4  5  6  7  8 |
---------------+-------------------------+-----
Fire Magic     | 3 4 5 |  5.4
Stealth        | 2 |  2.7
Fighting       | 1 2 3 |  3.7
Dodging        | 2 3 |  3.0
Hexes          | 1 2 3 4 |  4.0
Long Blades    | 1 2 |  2.7
Translocations | 1 2 |  2.9
Spellcasting   | 3 |  3.8
Maces & Flails | 1 |  1.1
Conjurations   | 2 |  2.1
Short Blades   | |  0.2

Action                     |  1- 3 |  4- 6 |  7- 9 || total
---------------------------+-------+-------+-------++-------
  Melee: Long sword        |    16 |    41 |    66 ||   123
         Flail             |       |    23 |    12 ||    35
         Punch             |       |     2 |       ||     2
         Rapier            |       |       |    32 ||    32
         Touch             |       |       |     2 ||     2
   Cast: Foxfire           |    37 |    38 |    81 ||   156
         Scorch            |     4 |     9 |    28 ||    41
         Volatile Blastmot |       |     6 |     2 ||     8
         Inner Flame       |       |     1 |     1 ||     2
    Use: Potion            |       |     3 |       ||     3
   Stab: Sleeping          |     3 |     2 |     4 ||     9
 Armour: Robe              |     8 |    45 |   107 ||   160
         Skin              |       |    26 |       ||    26
  Dodge: Dodged            |    17 |    41 |    73 ||   131

Table legend: (Time is in decaauts)
 A = Elapsed time spent in this place.
 B = Non-inter-level travel time spent in this place.
 C = Inter-level travel time spent in this place.
 D = Time resting spent in this place.
 E = Time spent auto-exploring this place.
 F = Levels seen in this place.
 G = Mean time per level.
                   A        B        C        D        E       F      G
               +--------+--------+--------+--------+--------+-----+--------+
         Total |   5359 |   5200 |    159 |    302 |   3711 |   6 |  893.2 |
       Dungeon |   4849 |   4690 |    159 |    302 |   3305 |   5 |  969.8 |
       Ossuary |    510 |    510 |      0 |      0 |    406 |   1 |  510.0 |
               +--------+--------+--------+--------+--------+-----+--------+

Top non-repeatable levels by time:
     D:2: 1261 daAuts
     D:4: 1153 daAuts
     D:3: 1100 daAuts
     D:1: 894 daAuts
 Ossuary: 510 daAuts
     D:5: 439 daAuts
